 Dungeon Sprint DCSS version 0.31-a0-240-gb923e448b6 (webtiles) character file.

Game seed: 17908892703942531357

3430 Conn the Arsonist (level 10, -6/54 HPs)
             Began as an Octopode Fire Elementalist on July 12, 2023.
             Was a Believer of Sif Muna.
             Engulfed by a cloud of freezing vapour (38 damage)
             ... in the Dungeon (Sprint II: "The Violet Keep of Menkaure").
             The game lasted 00:12:43 (951 turns).

Conn the Arsonist (Octopode Fire Elementalist)       Turns: 951, Time: 00:12:43

Health: -6/54      AC:  1    Str:  7    XL:     10   Next: 5%
Magic:  0/26       EV: 15    Int: 22    God:    Sif Muna [**....]
Gold:   353        SH:  0    Dex: 13    Spells: 23/33 levels left

rFire   + +          .
                       - Unarmed
rCold   x x .        (no shield)
rNeg    + . .        (helmet restricted)
rPois   .            (no amulet)
rElec   .            g - ring of fire
rCorr   .            h - ring of positive energy
SInv    .            v - ring of fire
Will    .....        (no ring)
Stlth   +++++        (no ring)
HPRegen 0.29/turn    (no ring)
MPRegen 0.20/turn    (no ring)
                     (no ring)

%: no teleportation
@: no status effects
A: almost no armour, amphibious, 8 rings, camouflage 1, gelatinous body 1,
nimble swimmer 1, tentacles, tentacle spike 1, frail 1
a: Renounce Religion, Channel Magic


You were in the Dungeon.
You worshipped Sif Muna.
Sif Muna was pleased with you.
You visited 1 branch You collected 804 gold pieces.
You spent 451 gold pieces at shops.

Inventory:

Missiles
 w - a poisoned dart (quivered)
Armour
 e - the -1 buckler of Amorality {+Inv rF- Regen+ Slay+2}
   (You bought it in a shop in the Dungeon)

   Slay:      It affects your accuracy & damage with ranged weapons and melee
   (+2).
   rF:        It makes you vulnerable to fire.
   +Inv:      It lets you turn invisible.
   Regen:     It increases your rate of health regeneration.
Jewellery
 g - a ring of fire (left tentacle)
 h - a ring of positive energy (right tentacle)
 v - a ring of fire (on tentacle)
Scrolls
 f - a scroll of blinking
 o - a scroll of poison {unknown}
 p - a scroll of summoning {unknown}
 q - a scroll of fear {unknown}
 r - a scroll of enchant armour {unknown}
 s - a scroll of amnesia {unknown}
 t - 2 scrolls of enchant weapon {unknown}
 u - 5 scrolls of identify {unknown}
Potions
 a - 4 potions of magic
 b - 3 potions of curing
 c - 2 potions of lignification
 d - a potion of haste
 i - 4 potions of enlightenment
 k - 2 potions of resistance
 m - 2 potions of berserk rage
 n - 2 potions of invisibility


   Skills:
 + Level 2.5 Fighting
 + Level 1.5 Throwing
 + Level 5.3 Dodging
 + Level 6.9 Stealth
 - Level 1.4 Unarmed Combat
 * Level 12.4 Spellcasting
 * Level 9.5 Conjurations
 + Level 2.3 Hexes
 + Level 13.1 Fire Magic
 * Level 5.6 Invocations


You had 23 spell levels left.
You knew the following spells:

 Your Spells              Type           Power      Damage    Failure   Level
a - Foxfire               Conj/Fire      100%       2x1d9     1%          1
b - Scorch                Fire           100%       2d9       1%          2
c - Inner Flame           Hex/Fire       82%        N/A       1%          3
d - Flame Wave            Conj/Fire      97%        2d20      1%          4

Your spell library contained the following spells:

 Spells                   Type           Power      Damage    Failure   Level
 Volatile Blastmotes      Fire/Tloc      100%       2d18      1%          3
 Yara's Violent Unravell  Hex/Tmut       9%         3d6       63%         5
 Enfeeble                 Hex            12%        N/A       100%        7


Dungeon Overview and Level Annotations

Branches:
Dungeon (1/1)

Altars:
Cheibriados
Dithmenos
Elyvilon
Fedhas
Gozag
Hepliaklqana
Kikubaaqudgha
Makhleb
Nemelex Xobeh
Okawaru
Qazlal
Ru
Sif Muna
Trog
Uskayaw
Vehumet
Wu Jian
Xom
Yredelemnul
Zin
The Shining One
Jiyva
Lugonu

Shops:
D *::=[[!!?[!(=[!

Annotations:
D exclusions: ice statue, obsidian statue and oklob plant


Innate Abilities, Weirdness & Mutations

You cannot wear most types of armour.
You are amphibious.
You can wear up to eight rings at the same time.
Your skin changes colour to match your surroundings (Stealth+).
Your rubbery body absorbs attacks. (AC +1, EV +1)
You are camouflaged when in or above water. (Stealth+)
You have tentacles for arms and can constrict up to eight enemies at once.
One of your tentacles bears a spike.
You are frail. (-10% HP)


Message History

You tentacle-slap the ice beast, but do no damage.
The ice beast is almost dead.
The foxfire hits the ice beast!
The ice beast melts!
You kill the ice beast!
The ice beast disappears in a puff of smoke!
Unknown command.
Casting: Foxfire (safe; 1% risk of failure)
Confirm with . or Enter, or press ? or * to list all spells.
You feel a strong surge of power!
You conjure some foxfire!
Unknown command.
Your foxfire is engulfed in freezing vapours. x4
Unknown command.
Your foxfire is engulfed in freezing vapours. x2
The foxfire hits the ice statue!
The ice statue melts!
The ice statue is severely damaged.
You hear a sizzling sound!
Your foxfire is engulfed in freezing vapours. x2
The foxfire hits the ice statue.
The ice statue melts!
The ice statue is almost destroyed.
Casting: Foxfire (safe; 1% risk of failure)
Confirm with . or Enter, or press ? or * to list all spells.
You feel a strong surge of power!
You conjure some foxfire!
Unknown command.
Your foxfire is engulfed in freezing vapours. x5
Unknown command.
Your foxfire is engulfed in freezing vapours.
The foxfire hits the ice statue.
The ice statue melts!
The ice statue is almost destroyed.
You hear a sizzling sound!
Your foxfire is engulfed in freezing vapours.
The foxfire hits the ice statue but does no damage.
The ice statue is almost destroyed.
Throw: 2 darts (poison)
Press: ? - help, Q - select action, (/) - cycle Shift-Dir - straight line, f - ice statue
Aim: an ice statue (almost destroyed, 93% to hit)
You throw a poisoned dart. The poisoned dart hits the ice statue.
The ice statue is almost destroyed.
You are engulfed in freezing vapours.
Ouch! That really hurt!
You die...

+#+++#~≈≈≈≈≈≈≈~#._._._._#§~§~~≈§.
≈≈≈≈ ##≈≈≈###≈≈#_._._._.#~§§[≈~#.
≈§≈≈≈§##§≈# #≈§#._._._._#~~≈≈≈≈▓.
§8≈≈≈≈≈+≈§#+#≈≈#_._._...#~≈≈≈▓▓▓▓
≈≈≈≈≈≈##≈≈≈≈§≈§##########§≈§≈▓..z
≈≈○≈≈## ########~~~~~~~~~≈≈§≈▓zz.
#+#### ○≈≈≈###~########≈▓▓▓▓▓▓▓
○○§≈○##~# #▓▓ 8○≈≈○○☼@# ☼○○≈○####
○○≈○# ####


You could see an ice statue.

Vanquished Creatures
  A kraken (D)
  2 deep trolls (D)
  4 neqoxecs (D)
  A vampire mosquito (D)
  5 water moccasins (D)
  4 necrophages (D)
17 creatures vanquished.

Vanquished Creatures (others)
  Menkaure (D)
  108 foxfires (D)
109 creatures vanquished.

Grand Total: 126 creatures vanquished

Notes
Turn   | Place    | Note
-------+----------+-------------------------------------------
     0 | D        | Conn the Octopode Fire Elementalist began the quest for the
                  | Orb.
     0 | D        | Reached XP level 1. HP: 11/11 MP: 3/3
     1 | D        | Noticed a necrophage
     1 | D        | Noticed a necrophage
     1 | D        | Noticed a necrophage
     1 | D        | Noticed a necrophage
     8 | D        | Killed a necrophage
     9 | D        | Reached skill level 5 in Fire Magic
     9 | D        | Reached XP level 2. HP: 13/17 MP: 4/7
     9 | D        | Reached XP level 3. HP: 16/21 MP: 4/8
     9 | D        | Reached XP level 4. HP: 21/27 MP: 5/10
    12 | D        | Killed a necrophage
    13 | D        | Reached skill level 1 in Unarmed Combat
    13 | D        | Reached skill level 6 in Fire Magic
    13 | D        | Reached XP level 5. HP: 18/31 MP: 6/12
    17 | D        | Reached skill level 5 in Spellcasting
    17 | D        | Reached skill level 7 in Fire Magic
    25 | D        | Reached skill level 5 in Stealth
    25 | D        | Reached skill level 5 in Conjurations
    25 | D        | Reached skill level 8 in Fire Magic
    25 | D        | Reached XP level 6. HP: 25/37 MP: 8/14
    35 | D        | Learned a level 2 spell: Scorch
    39 | D        | Learned a level 3 spell: Inner Flame
    44 | D        | Learned a level 4 spell: Flame Wave
    48 | D        | Noticed a boulder beetle
    48 | D        | Noticed a boulder beetle
    51 | D        | Noticed a wyvern
    51 | D        | Noticed a wyvern
    55 | D        | Noticed a neqoxec
    56 | D        | Noticed a neqoxec
    57 | D        | Gained mutation: One of your tentacles bears a spike. [a
                  | neqoxec]
    60 | D        | Noticed a neqoxec
    61 | D        | Killed a neqoxec
    61 | D        | Killed a neqoxec
    61 | D        | Killed a neqoxec
    62 | D        | Reached skill level 1 in Fighting
    62 | D        | Reached skill level 1 in Hexes
    62 | D        | Reached skill level 10 in Fire Magic
    62 | D        | Reached XP level 7. HP: 42/44 MP: 1/18
    87 | D        | Noticed an orange crystal statue
    87 | D        | Noticed a neqoxec
   100 | D        | Gained mutation: You are frail. (-10% HP) [a neqoxec]
   102 | D        | Killed a neqoxec
   103 | D        | Reached skill level 5 in Dodging
   103 | D        | Reached XP level 8. HP: 30/45 MP: 17/20
   111 | D        | Found Atio's Distillery.
   111 | D        | Found Estydial's Jewellery Emporium.
   111 | D        | Found Wovo's Distillery.
   111 | D        | Found Eraj's Distillery.
   111 | D        | Found Zeliucs's Antique Armour Shoppe.
   111 | D        | Found Koenero's Antique Weapon Shoppe.
   111 | D        | Found Coucw's Antique Armour Shoppe.
   112 | D        | Found Liumag's Magic Scroll Emporium.
   112 | D        | Found Hacla's Distillery.
   113 | D        | Found Qufon's Antique Armour Shoppe.
   113 | D        | Found Meely's Armour Emporium.
   114 | D        | Noticed a wyvern
   115 | D        | Found Ribbaa's Jewellery Shoppe.
   115 | D        | Noticed a wyvern
   115 | D        | Noticed an oklob plant
   116 | D        | Found Ymoc's Book Shoppe.
   116 | D        | Found Keotyom's Book Shoppe.
   116 | D        | Found Edghipta's General Store.
   122 | D        | Reached skill level 11 in Fire Magic
   139 | D        | Bought a potion of lignification for 30 gold pieces
   143 | D        | Bought a heavily runed buckler for 171 gold pieces
   143 | D        | Identified the -1 buckler of Amorality {+Inv rF- Regen+
                  | Slay+2} (You bought it in a shop in the Dungeon)
   147 | D        | Bought a ring of fire for 250 gold pieces
   152 | D        | Noticed a fire dragon
   155 | D        | Killed Menkaure
   176 | D        | Noticed an obsidian statue
   185 | D        | Found an opulent altar of Gozag.
   186 | D        | Found a blossoming altar of Fedhas.
   186 | D        | Found a sparkling altar of Nemelex Xobeh.
   187 | D        | Found a white marble altar of Elyvilon.
   187 | D        | Found a burning altar of Makhleb.
   188 | D        | Found a shadowy altar of Dithmenos.
   188 | D        | Found a corrupted altar of Lugonu.
   188 | D        | Found a hide-covered altar of Uskayaw.
   189 | D        | Found a snail-covered altar of Cheibriados.
   189 | D        | Found an ancient bone altar of Kikubaaqudgha.
   189 | D        | Found a bloodstained altar of Trog.
   190 | D        | Found a viscous altar of Jiyva.
   190 | D        | Found a shimmering blue altar of Sif Muna.
   190 | D        | Found a basalt altar of Yredelemnul.
   191 | D        | Found a hazy altar of Hepliaklqana.
   191 | D        | Found a sacrificial altar of Ru.
   192 | D        | Found a shimmering altar of Xom.
   193 | D        | Found a stormy altar of Qazlal.
   193 | D        | Found an ornate altar of the Wu Jian Council.
   193 | D        | Found a glowing golden altar of the Shining One.
   194 | D        | Found a radiant altar of Vehumet.
   194 | D        | Found an iron altar of Okawaru.
   194 | D        | Found a glowing silver altar of Zin.
   201 | D        | Became a worshipper of Sif Muna the Loreminder
   214 | D        | Noticed a kraken
   375 | D        | Killed a kraken
   376 | D        | Reached skill level 1 in Throwing
   376 | D        | Reached skill level 10 in Spellcasting
   376 | D        | Reached skill level 12 in Fire Magic
   376 | D        | Reached XP level 9. HP: 18/48 MP: 1/23
   549 | D        | Reached * piety under Sif Muna
   562 | D        | HP: 2/48 [poisoned by a water moccasin]
   733 | D        | Noticed a deep troll
   750 | D        | Noticed a deep troll
   750 | D        | Killed a deep troll
   751 | D        | Reached skill level 5 in Invocations
   765 | D        | Killed a deep troll
   765 | D        | Reached ** piety under Sif Muna
   766 | D        | Reached skill level 13 in Fire Magic
   766 | D        | Reached XP level 10. HP: 54/54 MP: 6/26
   883 | D        | Noticed an ice statue
   951 | D        | Engulfed by a cloud of freezing vapour

Illustrated notes

Levels and vault maps discovered:
D:        the_violet_keep_of_menkaure [sprint2_stairs_cluster_1,
          sprint2_shoproom, sprint2_temple, sprint2_basic_supplies,
          sprint2_obstacle_3, sprint2_obstacle_2, sprint2_obstacle_4,
          sprint2_obstacle_5, sprint2_obstacle_1, sprint2_timed_cluster_1,
          sprint2_smallroom_cluster_1, sprint2_smallroom_final_cluster_1,
          sprint2_transparent_cluster_1, sprint2_second_timed_cluster_1,
          sprint2_sniper_area_1, sprint2_heavy_combat_area_1,
          sprint2_mutation_trap_area_1, sprint2_forest_area_1,
          sprint2_light_combat_area_1, sprint2_behind_water_1,
          sprint2_near_end_vault_1]

Skill      XL: |  1  2  3  4  5  6  7  8  9 |
---------------+----------------------------+-----
Stealth        | 3 4 5 6 |  6.9
Spellcasting   | 4 5 7 8 10 12 | 12.4
Conjurations   | 3 4 5 6 7 8 9 |  9.5
Fire Magic     | 5 6 8 10 12 13 | 13.1
Dodging        | 3 4 5 |  5.3
Unarmed Combat | 1 |  1.4
Fighting       | 1 2 |  2.5
Hexes          | 1 2 |  2.3
Throwing       | 1 |  1.5
Invocations    | 3 5 |  5.6

Action                     |  1- 3 |  4- 6 |  7- 9 | 10-12 || total
---------------------------+-------+-------+-------+-------++-------
  Melee: Unarmed           |     6 |    14 |     2 |     1 ||    23
         Constrict         |     1 |     3 |       |       ||     4
         Punch             |       |     1 |       |     1 ||     2
         Tentacles         |       |     3 |     1 |       ||     4
         Kick              |       |       |     1 |       ||     1
  Throw: Dart              |       |       |     2 |     1 ||     3
   Cast: Scorch            |       |     2 |    27 |     3 ||    32
         Inner Flame       |       |     1 |     5 |     1 ||     7
         Flame Wave        |       |     1 |       |       ||     1
         Foxfire           |       |       |    35 |    29 ||    64
    Use: Potion            |     1 |     1 |     6 |       ||     8
         Scroll            |       |       |       |     1 ||     1
   Stab: Invisible         |       |       |     1 |       ||     1
 Armour: Skin              |       |     1 |       |       ||     1
  Dodge: Dodged            |     1 |     9 |     5 |       ||    15

Table legend: (Time is in decaauts)
 A = Elapsed time spent in this place.
 B = Non-inter-level travel time spent in this place.
 C = Inter-level travel time spent in this place.
 D = Time resting spent in this place.
 E = Time spent auto-exploring this place.
 F = Levels seen in this place.
 G = Mean time per level.
                   A        B        C        D        E       F      G
               +--------+--------+--------+--------+--------+-----+--------+
         Total |    955 |    955 |      0 |    358 |      0 |   1 |  955.0 |
       Dungeon |    955 |    955 |      0 |    358 |      0 |   1 |  955.0 |
               +--------+--------+--------+--------+--------+-----+--------+

Top non-repeatable levels by time:
       D: 955 daAuts
